 Dungeon Crawl Stone Soup version 0.32-a0-636-g4925a30cd0 (webtiles) character file.

Game seed: 11039674398817073596

11 IndexError the Shooter (level 2, 17/17 HPs)
             Began as a Tengu Hunter on Mar 7, 2024.
             Was an Initiate of Ashenzari.
             Quit the game on level 1 of the Dungeon.
             The game lasted 00:01:07 (129 turns).

IndexError the Shooter (Tengu Hunter)                Turns: 129, Time: 00:01:07

Health: 17/17      AC:  3    Str: 11    XL:     2   Next: 25%
Magic:  3/3        EV: 12    Int:  9    God:    Ashenzari [......]
Gold:   0          SH:  0    Dex: 17    Spells: 1/1 levels left

rFire   . . .        a - +0 shortbow
rCold   . . .        (shield currently unavailable)
rNeg    . . .        c - +0 leather armour
rPois   .            (helmet restricted)
rElec   .            (no cloak)
rCorr   .            (no gloves)
SInv    .            (boots unavailable)
Will    .....        (no amulet)
Stlth   ++           (no ring)
HPRegen 0.22/turn    (no ring)
MPRegen 0.08/turn

%: acrobat
@: no status effects
A: beak, talons 3, acrobatic
a: Renounce Religion


You were on level 1 of the Dungeon.
You worshipped Ashenzari.
Ashenzari was noncommittal.
You visited 1 branch of the dungeon, and saw 1 of its levels.

Inventory:

Hand Weapons
 a - a +0 shortbow (weapon)
Armour
 c - a +0 leather armour (worn)
Scrolls
 b - a scroll of butterflies


   Skills:
 - Level 2.0 Fighting
 + Level 5.0 Ranged Weapons
 - Level 2.1 Dodging
 - Level 1.0 Stealth


You had one spell level left.
You didn't know any spells.
Your spell library was empty.

Dungeon Overview and Level Annotations

Branches:
Dungeon (1/15)

Altars:
Ashenzari


Innate Abilities, Weirdness & Mutations

You have a beak for a mouth.
You have claws for feet.
You can magically evade attacks while moving or waiting.


Message History

Bad channel name 'Jiyva says' for runrest: 'Jiyva says: Divide and consume' Welcome, IndexError the Tengu Hunter.
Will you prevail where others failed? Will you find the Orb of Zot?
Press ? for a list of commands and other information.
Found a staircase leading out of the dungeon.
Found an escape hatch in the floor.
You enter the shallow water.
Moving in this stuff is going to be slow.
You open the door.
There is an open door here.
A jackal comes into view.
You shoot an arrow. The arrow closely misses the jackal.
You hear a bark!
A jackal comes into view.
You shoot an arrow. The arrow hits the jackal!
A jackal comes into view.
A hobgoblin comes into view.
You shoot an arrow. The arrow barely misses the jackal.
The jackal barks!
The hobgoblin shouts!
A jackal comes into view.
You shoot an arrow. The arrow closely misses the jackal.
The arrow barely misses the jackal.
The jackal barks!
The jackal barely misses you.
A goblin comes into view. It is wielding a +0 dagger.
A bat comes into view.
The jackal closely misses you.
You shoot an arrow. The arrow hits the jackal.
The jackal bites you but does no damage.
The bat closely misses you.
You shoot an arrow. The arrow barely misses the bat.
The arrow hits the jackal but does no damage.
The bat hits you. The bat barely misses you.
You take 1 damage, and have 11/12 hp.
You shoot an arrow. The arrow barely misses the bat.
The arrow hits the jackal!
The bat barely misses you.
Health restored: 12 You shoot an arrow.
The arrow completely misses the bat.
The arrow barely misses the jackal.
The bat closely misses you. The bat barely misses you.
You shoot an arrow. The arrow barely misses the bat.
The arrow hits the jackal but does no damage.
The bat misses you. The bat hits you but does no damage.
You shoot an arrow. The arrow barely misses the bat.
The arrow barely misses the jackal.
The arrow closely misses the jackal.
The bat hits you.
You take 1 damage, and have 11/12 hp.
You shoot an arrow. The arrow hits the bat!
The jackal closely misses you.
Health restored: 12 You shoot an arrow.
The arrow hits the jackal.
The jackal bites you. x2
You take 4 damage, and have 8/12 hp.
MASSIVE DAMAGE!!
You shoot an arrow. The arrow hits the jackal.
You shoot an arrow. The arrow barely misses the goblin.
The arrow hits the jackal.
The goblin misses you.
You shoot an arrow. The arrow hits the goblin.
The goblin closely misses you.
You shoot an arrow. The arrow hits the goblin!
You have reached level 2!
No target in view!
You regained 4 hp, and now have 13/17 hp.
MP restored: 3 No target in view!
No target in view!
HP restored.
Health restored: 17 You shoot an arrow.
The arrow hits the hobgoblin!
No target in view!
A rat comes into view.
You shoot an arrow. The arrow hits the rat.
No target in view!
Found a faded altar of an unknown god.
No target in view!
Search for what [? for help]? alt A rat is nearby!
You shoot an arrow. The arrow hits the rat!
No target in view!
No target in view!
What level of the Dungeon? (default 1, ? - help) You're already here!
Search for what [Enter for "alt", or ? for help]?
An endoplasm comes into view.
You can't go down here!
You shoot an arrow. The arrow hits the endoplasm.
You shoot an arrow. The arrow hits the endoplasm.
Your Ranged Weapons skill increases to level 5!
No target in view!
No target in view!
There is a faded altar of an unknown god here.
This altar belongs to (a) Xom, (b) Ashenzari or (c) Hepliaklqana, but you can't tell which.
Press the corresponding letter to learn more about a god, or press enter to convert or escape to cancel.
Ashenzari accepts your prayer! Ashenzari welcomes you!
Ashenzari warns you of distant threats and treasures.
Ashenzari shows you where magical portals lie.
Okay, then.
Are you sure you want to abandon this character and quit the game? (Confirm with "yes".)

...####........
................
#.#.............
#................
.................
.............#
.............#
#.....@....#. ..
#............. ...
#.....#(...... .....
#.....#.......
.....#######....##......
........................
.........###....##......
.......................#
.........###†.........


There were no monsters in sight!

Vanquished Creatures
  An endoplasm (D:1)
  A goblin (D:1)
  A hobgoblin (D:1)
  4 jackals (D:1)
  A bat (D:1)
  A rat (D:1)
9 creatures vanquished.

Notes
Turn   | Place    | Note
-------+----------+-------------------------------------------
     0 | D:1      | IndexError the Tengu Hunter began the quest for the Orb.
     0 | D:1      | Reached XP level 1. HP: 12/12 MP: 2/2
    67 | D:1      | Reached XP level 2. HP: 13/17 MP: 3/3
   117 | D:1      | Found a faded altar of an unknown god.
   127 | D:1      | Reached skill level 5 in Ranged Weapons
   128 | D:1      | Prayed at the altar of an unknown god.
   128 | D:1      | Became a worshipper of Ashenzari the Shackled
   129 | D:1      | Quit the game

Illustrated notes

Levels and vault maps discovered:
D:1:      saegor_arrival_simple_d, layout_basic, basic_ecumenical_altar

Skill      XL: |  1  2 |
---------------+-------+-----
Ranged Weapons | 5 |  5.0
Fighting       | |  2.0
Dodging        | |  2.1
Stealth        | |  1.0

Action                     || total
---------------------------++-------
   Fire: Shortbow          ||    21
 Armour: Leather armour    ||     6
  Dodge: Dodged            ||    11

Table legend: (Time is in decaauts)
 A = Elapsed time spent in this place.
 B = Non-inter-level travel time spent in this place.
 C = Inter-level travel time spent in this place.
 D = Time resting spent in this place.
 E = Time spent auto-exploring this place.
 F = Levels seen in this place.
 G = Mean time per level.
                   A        B        C        D        E       F      G
               +--------+--------+--------+--------+--------+-----+--------+
         Total |    134 |    129 |      5 |      0 |     89 |   1 |  134.0 |
       Dungeon |    134 |    129 |      5 |      0 |     89 |   1 |  134.0 |
               +--------+--------+--------+--------+--------+-----+--------+

Top non-repeatable levels by time:
     D:1: 134 daAuts

Levels and vault maps discovered:
D:1:      saegor_arrival_simple_d, layout_basic, basic_ecumenical_altar

Table legend: (Time is in decaauts)
 A = Elapsed time spent in this place.
 B = Non-inter-level travel time spent in this place.
 C = Inter-level travel time spent in this place.
 D = Time resting spent in this place.
 E = Time spent auto-exploring this place.
 F = Levels seen in this place.
 G = Mean time per level.
                   A        B        C        D        E       F      G
               +--------+--------+--------+--------+--------+-----+--------+
         Total |    134 |    129 |      5 |      0 |     89 |   1 |  134.0 |
       Dungeon |    134 |    129 |      5 |      0 |     89 |   1 |  134.0 |
               +--------+--------+--------+--------+--------+-----+--------+

Top non-repeatable levels by time:
     D:1: 134 daAuts

Table legend:
 A = Kills in this place as a percentage of kills in the entire game.
 B = Kills by you in this place as a percentage of kills by you in the entire game.
 C = Kills by friends in this place as a percentage of kills by friends in the entire game.
 D = Other kills in this place as a percentage of other kills in the entire game.
 E = Experience gained in this place as a percentage of experience gained in the entire game.
 F = Experience gained in this place divided by the number of levels of this place that you have seen.
                   A       B       C       D       E      F
               +-------+-------+-------+-------+-------+----------------------
         Total | 100.0 | 100.0 |   N/A |   N/A | 100.0 |  16.0
       Dungeon | 100.0 | 100.0 |   N/A |   N/A | 100.0 |  16.0
               +-------+-------+-------+-------+-------+----------------------
